 Dungeon Crawl Stone Soup version 0.31.0-1-g2c135a0 (webtiles) character file.

Game seed: 13595496305552719988

857 Think the Nimble (level 8, -1/52 HPs)
             Began as an Octopode Fighter on Jan 22, 2024.
             Was an Initiate of Gozag.
             Slain by a killer bee (6 damage)
             ... on level 5 of the Dungeon.
             The game lasted 00:10:05 (4676 turns).

Think the Nimble (Octopode Fighter)                 Turns: 4676, Time: 00:10:05

Health: -1/52      AC:  1    Str: 16    XL:     8   Next: 2%
Magic:  8/8        EV: 16    Int: 10    God:    Gozag
Gold:   331        SH:  0    Dex: 13    Spells: 5/7 levels left

rFire   . . .        a - +0 long sword
rCold   . . .        b - +0 buckler
rNeg    . . .        (helmet restricted)
rPois   .            (no amulet)
rElec   .            e - ring of see invisible
rCorr   .            (no ring)
SInv    +            (no ring)
Will    .....        (no ring)
Stlth   ++           (no ring)
HPRegen 0.28/turn    (no ring)
MPRegen 0.11/turn    (no ring)
                     (no ring)

%: no passive effects
@: confused, lethally poisoned (-1 -> -4), ambrosia-drunk
A: almost no armour, amphibious, 8 rings, camouflage 1, gelatinous body 1,
(nimble swimmer 1), tentacles
a: Renounce Religion, Potion Petition, Call Merchant, Bribe Branch


You were on level 5 of the Dungeon.
You worshipped Gozag.
Gozag was aware of your devotion.
You visited 1 branch of the dungeon, and saw 5 of its levels.

You collected 381 gold pieces.
You paid 50 gold pieces to Gozag.

Inventory:

Hand Weapons
 a - a +0 long sword (weapon)
Missiles
 g - 11 stones (quivered)
 k - 3 atropa-tipped darts
Armour
 b - a +0 buckler (worn)
Jewellery
 e - a ring of see invisible (left tentacle)
Talismans
 o - a flux talisman
Scrolls
 c - a scroll of amnesia {unknown}
 d - a scroll of blinking {unknown}
 i - a scroll of identify
 j - a scroll of enchant armour {unknown}
 l - a scroll of fear {unknown}
 n - 2 scrolls of noise {unknown}
 q - a scroll of immolation {unknown}
 r - a scroll of acquirement {unknown}
Potions
 m - 2 potions of brilliance


   Skills:
 + Level 3.4 Fighting
 * Level 3.2 Long Blades
 + Level 8.2 Dodging
 - Level 4.0 Stealth
 - Level 3.0 Shields


You had 5 spell levels left.
You knew the following spells:

 Your Spells              Type           Power      Damage    Failure   Level
a - Blink                 Tloc           0%         N/A       58%         2

Your spell library contained the following spells:

 Spells                   Type           Power      Damage    Failure   Level
 Sandblast                Erth           0%         2d4       43%         1
 Lesser Beckoning         Tloc           0%         N/A       58%         2
 Momentum Strike          Conj/Tloc      0%         3d8       58%         2
 Gell's Gravitas          Tloc           0%         N/A       82%         3
 Passwall                 Erth           0%         N/A       82%         3
 Stone Arrow              Conj/Erth      0%         3d7       82%         3
 Teleport Other           Tloc           0%         N/A       82%         3
 Brom's Barrelling Bould  Conj/Erth      0%         2d3       99%         4


Dungeon Overview and Level Annotations

Branches:
Dungeon (5/15)             Temple (0/1) D:4

Altars:
Cheibriados
Gozag
Makhleb
Sif Muna

Shops:
D:2 [

Annotations:
D:5 Dowan, Duvessa


Innate Abilities, Weirdness & Mutations

You cannot wear most types of armour.
You are amphibious.
You can wear up to eight rings at the same time.
Your skin changes colour to match your surroundings (Stealth+).
Your rubbery body absorbs attacks. (AC +1, EV +1)
((You are camouflaged when in or above water. (Stealth+)))
You have tentacles for arms and can constrict up to eight enemies at once.


Message History

A killer bee comes into view.
The killer bee closely misses you.
You barely miss the killer bee.
The killer bee buzzes angrily. x3
Your grab misses the killer bee. Your squeeze misses the killer bee.
The killer bee stings you! The killer bee closely misses you.
The killer bee misses you. You block the killer bee's attack. x2
Unknown command.
Okay, then.
Okay, then.
Okay, then.
The killer bee closely misses you. The killer bee stings you.
The killer bee closely misses you.
You hit the killer bee but do no damage.
Your grab misses the killer bee. Your squeeze misses the killer bee.
The killer bee barely misses you. The killer bee stings you.
The killer bee misses you. You block the killer bee's attack.
You miss the killer bee. Your grab misses the killer bee.
You block the killer bee's attack. The killer bee closely misses you.
The killer bee stings you! The killer bee stings you.
You miss the killer bee. Your grab misses the killer bee.
The killer bee misses you. The killer bee stings you.
The killer bee closely misses you. The killer bee stings you!
* * * LOW HITPOINT WARNING * * *
You are poisoned.
The killer bee poisons you! The killer bee stings you.
* * * LOW HITPOINT WARNING * * *
You block the killer bee's attack.
It was a potion of ambrosia.
You are confused.
You feel invigorated.
You feel sick. The killer bee stings you!
* * * LOW HITPOINT WARNING * * *
The killer bee closely misses you.
Found a chain mail.
* * * LOW HITPOINT WARNING * * *
You feel sick. The killer bee stings you.
* * * LOW HITPOINT WARNING * * *
You feel sick. The killer bee stings you.
You die...
Your body crumbles into a pile of gold.

###...##......##....#..#
...
##.....##.............#
#.##
#....#................#. #
#.
#....#.....###$...........
##
#...............y.........
###
#.....#......##y###.......
...
##....##....##yy###.......
...
##.#....#..###.y.#.......
#..
##.#...........@#........
#.. ##.####...###....#
...### #..
#....#....##...... .# ...
##.#..)..###...##.# ...
#..##[.......#.# .# #..
...#..)...[.##.# .# ...
#..........# .. .. ...
.......#..# . .# .y.
#......#.. ...


You could see 4 killer bees.

Vanquished Creatures
  Sigmund (D:5)
  A black bear (D:5)
  A phantom (D:4)
  A bombardier beetle (D:3)
  3 orc priests
  A hound (D:4)
  A sleepcap (D:5)
  An iguana (D:4)
  5 orc wizards
  3 gnolls (D:3)
  5 adders
  A shadow imp (D:5)
  2 ribbon worms
  A dart slug (D:1)
  15 orcs
  8 bats
  5 endoplasms
  4 giant cockroaches
  9 goblins
  8 hobgoblins
  3 jackals (D:3)
  5 kobolds
  8 quokkas
  11 ball pythons
  2 frilled lizards
  5 rats
110 creatures vanquished.

Notes
Turn   | Place    | Note
-------+----------+-------------------------------------------
     0 | D:1      | Think the Octopode Fighter began the quest for the Orb.
     0 | D:1      | Reached XP level 1. HP: 16/16 MP: 1/1
    53 | D:1      | Found a faded altar of an unknown god.
    59 | D:1      | Reached skill level 1 in Stealth
    70 | D:1      | Reached XP level 2. HP: 21/21 MP: 2/2
   358 | D:1      | Reached XP level 3. HP: 26/26 MP: 3/3
   918 | D:2      | Reached XP level 4. HP: 26/31 MP: 4/4
  1067 | D:2      | Reached skill level 4 in Dodging
  1087 | D:2      | Learned a level 2 spell: Blink
  1109 | D:2      | Found Tovveil's Antique Armour Shoppe.
  1659 | D:3      | Reached XP level 5. HP: 22/36 MP: 5/5
  1662 | D:3      | Reached skill level 5 in Dodging
  1726 | D:3      | Found a shimmering blue altar of Sif Muna.
  1980 | D:3      | Reached XP level 6. HP: 15/42 MP: 6/6
  1992 | D:3      | Reached skill level 6 in Dodging
  2257 | D:3      | Found a snail-covered altar of Cheibriados.
  3021 | D:3      | Found an opulent altar of Gozag.
  3029 | D:3      | Became a worshipper of Gozag Ym Sagoz the Greedy
  3055 | D:4      | Found a staircase to the Ecumenical Temple.
  3424 | D:4      | Identified the +1 spear of the Wizarding Genius {antimagic,
                  | *Noise rN+ Str+6}
  3531 | D:4      | Reached skill level 7 in Dodging
  3531 | D:4      | Reached XP level 7. HP: 27/46 MP: 7/7
  4202 | D:4      | Found a burning altar of Makhleb.
  4358 | D:5      | Entered Level 5 of the Dungeon
  4373 | D:5      | Noticed Duvessa
  4373 | D:5      | Noticed Dowan
  4376 | D:5      | Noticed Sigmund
  4523 | D:5      | Killed Sigmund
  4524 | D:5      | Reached skill level 8 in Dodging
  4584 | D:5      | Reached XP level 8. HP: 30/52 MP: 8/8
  4674 | D:5      | HP: 1/52 [killer bee (8)]
  4676 | D:5      | Slain by a killer bee

Illustrated notes

Levels and vault maps discovered:
D:1:      ebering_trefoil_3fold, layout_loops_ring, basic_ecumenical_altar
D:2:      layout_loops_ring, serial_shops, shop
D:3:      layout_basic, lemuel_round_altar, chei_slow_surprise,
          mainiacjoe_overflow_surrounded_room
D:4:      layout_gridville, mainiacjoe_overflow_alcove_2,
          minmay_temple_entry_butterflies
D:5:      layout_cave_pools, uniq_duvessa, uniq_sigmund, uniq_grinder

Skill      XL: |  1  2  3  4  5  6  7 |
---------------+----------------------+-----
Stealth        | 1 2 4 |  4.0
Dodging        | 4 5 7 8 |  8.2
Long Blades    | 3 |  3.2
Fighting       | |  3.4
Shields        | |  3.0

Action                     |  1- 3 |  4- 6 |  7- 9 || total
---------------------------+-------+-------+-------++-------
  Melee: Long sword        |    58 |   130 |    48 ||   236
         Tentacles         |    10 |    24 |    10 ||    44
         Constrict         |    12 |    31 |    11 ||    54
         Punch             |       |     2 |       ||     2
  Throw: Throwing net      |       |     1 |       ||     1
         Stone             |       |     3 |     1 ||     4
    Use: Potion            |       |     4 |     1 ||     5
         Scroll            |       |     2 |     1 ||     3
   Stab: Sleeping          |     9 |    12 |     1 ||    22
         Held in net/web   |       |     1 |       ||     1
         Distracted        |       |       |     1 ||     1
 Armour: Skin              |    19 |    60 |    33 ||   112
  Dodge: Dodged            |    34 |    74 |    38 ||   146
  Block: Buckler           |    13 |    32 |    13 ||    58
